 Dungeon Crawl Stone Soup version 0.28.0-62-gf88900778d (webtiles) character file.

Game seed: 2573491046232362892

92 tkbsonic5 the Grasshopper (level 4, 0/38 HPs)
             Began as a Gnoll Warper on Nov 10, 2023.
             Was an Initiate of Fedhas.
             Slain by a scorpion (5 damage)
             ... on level 4 of the Dungeon.
             The game lasted 00:06:32 (3472 turns).

tkbsonic5 the Grasshopper (Gnoll Warper)            Turns: 3472, Time: 00:06:34

Health: 0/38       AC:  9    Str: 19    XL:     4   Next: 60%
Magic:  11/11      EV:  9    Int: 12    God:    Fedhas [......]
Gold:   74         SH:  0    Dex: 19    Spells: 13/13 levels left

rFire   . . .      SeeInvis .   a - +0 hand axe
rCold   . . .      Faith    .   (no shield)
rNeg    . . .      Spirit   .   e - +0 chain mail
rPois   .          Reflect  .   (no helmet)
rElec   .          Harm     .   (no cloak)
rCorr   .          Rampage  .   (no gloves)
Will    .....      Rage     1%  (no boots)
Stlth   ..........              (no amulet)
HPRegen 0.12/turn               h - +6 ring of dexterity
MPRegen 0.12/turn               u - +6 ring of strength

@: mighty, lethally poisoned (0 -> -11)
A: fangs 1, strong nose, distributed training, agile 1, berserk 1
a: Renounce Religion


You were on level 4 of the Dungeon.
You worshipped Fedhas.
Fedhas was noncommittal.
You visited 2 branches of the dungeon, and saw 5 of its levels.

You collected 110 gold pieces.
You spent 36 gold pieces at shops.

Inventory:

Hand Weapons
 a - a +0 hand axe (weapon)
Missiles
 d - 3 boomerangs of dispersal
 k - 2 silver boomerangs
 r - 3 javelins (quivered)
 s - 4 poisoned darts
Armour
 b - a +0 leather armour
 e - a +0 chain mail (worn)
Jewellery
 h - a +6 ring of dexterity (left hand)
 u - a +6 ring of strength (right hand)
Scrolls
 c - a scroll of blinking
 l - a scroll of teleportation
 m - a scroll of torment {unknown}
 q - a scroll of holy word {unknown}
 t - a scroll of magic mapping {unknown}
Potions
 g - a potion of berserk rage {unknown}
 i - a potion of mutation
 j - a potion of haste {unknown}
 n - 2 potions of resistance {unknown}
 o - a potion of magic {unknown}
 p - a potion of flight {unknown}
 v - a potion of heal wounds {unknown}


   Skills:
 + Level 4.6 Fighting
 + Level 1.2 Short Blades
 + Level 1.2 Long Blades
 + Level 4.6 Axes
 + Level 1.2 Maces & Flails
 + Level 1.2 Polearms
 + Level 1.2 Staves
 + Level 1.2 Slings
 + Level 1.2 Bows
 + Level 1.2 Crossbows
 + Level 2.8 Throwing
 + Level 2.8 Armour
 + Level 4.6 Dodging
 + Level 1.2 Stealth
 + Level 1.2 Shields
 + Level 1.2 Unarmed Combat
 + Level 5.1 Spellcasting
 + Level 1.0 Conjurations
 + Level 1.0 Hexes
 + Level 1.0 Summonings
 + Level 1.0 Necromancy
 + Level 5.5 Translocations
 + Level 1.0 Transmutations
 + Level 1.0 Fire Magic
 + Level 1.0 Ice Magic
 + Level 1.0 Air Magic
 + Level 1.0 Earth Magic
 + Level 1.0 Poison Magic
 + Level 1.3 Invocations
 + Level 1.2 Evocations


You had 13 spell levels left.
You didn't know any spells.
Your spell library contained the following spells:

 Spells                   Type           Power      Damage    Failure   Level
 Blink                    Tloc           32%        N/A       36%         2
 Gell's Gravitas          Tloc           16%        N/A       58%         3
 Lesser Beckoning         Tloc           16%        N/A       58%         3
 Teleport Other           Tloc           16%        N/A       58%         3
 Manifold Assault         Tloc           16%        N/A       100%        5


Dungeon Overview and Level Annotations

Branches:
Dungeon (4/15)             Temple (1/1) D:4

Altars:
Ashenzari
Cheibriados
Dithmenos
Elyvilon
Fedhas
Gozag
Hepliaklqana
Kikubaaqudgha
Makhleb
Nemelex Xobeh
Okawaru
Qazlal
Ru
Sif Muna
Trog
Uskayaw
Wu Jian
Xom
Yredelemnul
Zin
The Shining One

Shops:
D:2 ?   D:3 *


Innate Abilities, Weirdness & Mutations

You have very sharp teeth.
Your uncanny sense of smell can sniff out nearby items.
Your experience applies equally to all skills.
You are agile. (Dex +2)
You tend to lose your temper in combat.


Message History

A scorpion is nearby!
You throw a javelin.
The javelin pierces through the scorpion but does no damage.
You throw a javelin.
The javelin closely misses the scorpion.
You hit the scorpion.
The scorpion is moderately wounded.
The scorpion stings you!
You are poisoned.
The scorpion poisons you!
You barely miss the scorpion.
The scorpion is moderately wounded.
You feel very sick. The scorpion closely misses you. x2
You hit the scorpion but do no damage.
You bite the scorpion, but do no damage.
The scorpion is moderately wounded.
You feel sick. The scorpion stings you.
You barely miss the scorpion.
The scorpion is moderately wounded.
You feel sick.
The scorpion stings you but does no damage.
You barely miss the scorpion.
The scorpion is moderately wounded.
You feel sick. The scorpion stings you.
You are lethally poisoned!
The scorpion poisons you!
You feel very mighty all of a sudden.
You feel very sick. The scorpion stings you.
* * * LOW HITPOINT WARNING * * *
The scorpion stings you.
* * * LOW HITPOINT WARNING * * *
It was a potion of mutation.
You feel extremely strange.
You feel agile.
You feel a little pissed off.
* * * LOW HITPOINT WARNING * * *
You feel very sick. The scorpion stings you.
You die...
Fedhas appreciates your contribution to the ecosystem.

#...## #.#...#########
#..............
#.#.#.#.#.#.#
##(..........##
...#(......#..#
#............###
#.#..s@...#....########
#................)....#
#.#.......#...<######.#
#.............###
...#.#.#.#.#..#
#.............#
####.......#.##
#...#.###.#
#............#


You could see a scorpion.

Vanquished Creatures
  2 adders (D:3)
  A gnoll (D:3)
  An orc (D:3)
  7 ball pythons (D:1)
  11 endoplasms
  3 giant cockroaches (D:1)
  4 goblins (D:1)
  3 hobgoblins
  3 jackals (D:3)
  2 kobolds
  4 quokkas
  5 bats
  2 frilled lizards
  6 rats
54 creatures vanquished.

Notes
Turn   | Place    | Note
-------+----------+-------------------------------------------
     0 | D:1      | tkbsonic5 the Gnoll Warper began the quest for the Orb.
     0 | D:1      | Reached XP level 1. HP: 20/20 MP: 6/6
   404 | D:1      | Reached XP level 2. HP: 26/26 MP: 7/7
  1119 | D:1      | Reached XP level 3. HP: 31/31 MP: 9/9
  1153 | D:1      | Reached skill level 5 in Spellcasting
  1545 | D:2      | Reached skill level 1 in Invocations
  1669 | D:2      | Found Rithaj's Magic Scroll Emporium.
  1677 | D:2      | Bought a scroll of teleportation for 36 gold pieces
  1875 | D:2      | Found a faded altar of an unknown god.
  2025 | D:3      | Reached skill level 1 in Short Blades
  2025 | D:3      | Reached skill level 1 in Long Blades
  2025 | D:3      | Reached skill level 1 in Maces & Flails
  2025 | D:3      | Reached skill level 1 in Polearms
  2025 | D:3      | Reached skill level 1 in Staves
  2025 | D:3      | Reached skill level 1 in Slings
  2025 | D:3      | Reached skill level 1 in Bows
  2025 | D:3      | Reached skill level 1 in Crossbows
  2025 | D:3      | Reached skill level 1 in Stealth
  2025 | D:3      | Reached skill level 1 in Shields
  2025 | D:3      | Reached skill level 1 in Unarmed Combat
  2025 | D:3      | Reached skill level 1 in Evocations
  2025 | D:3      | Reached XP level 4. HP: 36/38 MP: 11/11
  2366 | D:3      | Reached skill level 1 in Conjurations
  2366 | D:3      | Reached skill level 1 in Hexes
  2366 | D:3      | Reached skill level 1 in Summonings
  2366 | D:3      | Reached skill level 1 in Necromancy
  2366 | D:3      | Reached skill level 1 in Transmutations
  2366 | D:3      | Reached skill level 1 in Fire Magic
  2366 | D:3      | Reached skill level 1 in Ice Magic
  2366 | D:3      | Reached skill level 1 in Air Magic
  2366 | D:3      | Reached skill level 1 in Earth Magic
  2366 | D:3      | Reached skill level 1 in Poison Magic
  2865 | D:3      | Found Zin's Purification Station.
  2868 | D:3      | Found a glowing silver altar of Zin.
  3058 | D:4      | Found a staircase to the Ecumenical Temple.
  3071 | D:4      | Noticed a scorpion
  3073 | Temple   | Entered the Ecumenical Temple
  3431 | Temple   | Became a worshipper of Fedhas Madash
  3472 | D:4      | Gained mutation: You are agile. (Dex +2) [potion of
                  | mutation]
  3472 | D:4      | Gained mutation: You tend to lose your temper in combat.
                  | [potion of mutation]
  3472 | D:4      | Slain by a scorpion

Illustrated notes

Levels and vault maps discovered:
D:1:      scummos_arrival_hexagon, layout_rooms
D:2:      layout_rooms, serial_shops, nicolae_shop_advertising_works
          [nicolae_subvault_shop_adworks], dilly_ecumenical_altar_fadedgnrine,
          minmay_misc_feat_square, minmay_misc_feat_room
D:3:      wad_lake_hut, layout_loops_ring, zin_purify, st_stairs_7,
          minmay_randomly_rotated_circles
D:4:      layout_loops_ring, minmay_temple_entry_glass, minivault_23
Temple:   mainiacjoe_temple_cubbyholes

Skill      XL: |  1  2  3  4 |
---------------+-------------+-----
Spellcasting   | 5 |  5.1
Invocations    | 1 |  1.3
Short Blades   | 1 |  1.2
Long Blades    | 1 |  1.2
Maces & Flails | 1 |  1.2
Polearms       | 1 |  1.2
Staves         | 1 |  1.2
Slings         | 1 |  1.2
Bows           | 1 |  1.2
Crossbows      | 1 |  1.2
Stealth        | 1 |  1.2
Shields        | 1 |  1.2
Unarmed Combat | 1 |  1.2
Evocations     | 1 |  1.2
Conjurations   | 1 |  1.0
Hexes          | 1 |  1.0
Summonings     | 1 |  1.0
Necromancy     | 1 |  1.0
Transmutations | 1 |  1.0
Fire Magic     | 1 |  1.0
Ice Magic      | 1 |  1.0
Air Magic      | 1 |  1.0
Earth Magic    | 1 |  1.0
Poison Magic   | 1 |  1.0
Fighting       | |  4.6
Axes           | |  4.6
Throwing       | |  2.8
Armour         | |  2.8
Dodging        | |  4.6
Translocations | |  5.5

Action                   |  1- 3 |  4- 6 || total
-------------------------+-------+-------++-------
Melee: Hand axe          |   123 |    39 ||   162
       Bite              |     8 |     2 ||    10
       Punch             |       |     1 ||     1
Throw: Boomerang         |     2 |       ||     2
       Javelin           |       |     7 ||     7
  Use: Potion            |     1 |     2 ||     3
       Scroll            |     1 |       ||     1
Armor: Chain mail        |    76 |    10 ||    86
       Leather armour    |     1 |       ||     1
Dodge: Dodged            |    46 |    10 ||    56
